 Dungeon Crawl Stone Soup version 0.21.1-1-g345015f (webtiles) character file.

1443 n0claF the Geomancer (level 8, 0/57 HPs)
             Began as a Black Draconian Earth Elementalist on July 4, 2018.
             Succumbed to a killer bee's poison
             ... on level 6 of the Dungeon.
             The game lasted 00:18:35 (6508 turns).

n0claF the Geomancer (DrEE)                         Turns: 6508, Time: 00:18:36

Health: 0/57       AC:  7    Str: 11    XL:     8   Next: 46%
Magic:  2/11       EV: 12    Int: 18    God:
Gold:   241        SH:  0    Dex: 11    Spells: 7/11 levels left

rFire    + . .     SeeInvis .   m - +1 hunting sling
rCold    + . .     Gourm    .   (no shield)
rNeg     . . .     Faith    .   (armour unavailable)
rPois    +         Spirit   .   (helmet restricted)
rElec    +         Reflect  .   t - +0 cloak
rCorr    +         Harm     .   (no gloves)
MR       .....                  (no boots)
Stlth    ++........             (no amulet)
HPRegen  0.19/turn              (no ring)
MPRegen  0.12/turn              (no ring)

@: lethally poisoned (0 -> -18), about to teleport, resistant
A: breathe lightning, unfitting armour, electricity resistance, cold-blooded, AC
+6
a: Breathe Lightning


You were on level 6 of the Dungeon.
You were not hungry.

You visited 1 branch of the dungeon, and saw 6 of its levels.

You collected 241 gold pieces.

Inventory:

Hand Weapons
 m - a +1 hunting sling (weapon)
   (You found it on level 2 of the Dungeon)
Missiles
 b - 77 stones (quivered)
 f - 19 poisoned needles
 g - 53 sling bullets
Armour
 t - a +0 cloak (worn)
   (You found it on level 4 of the Dungeon)
 y - a +0 pair of gloves
   (You found it on level 4 of the Dungeon)
Jewellery
 r - an uncursed ring of protection from magic {unknown}
   (You found it on level 3 of the Dungeon)
 s - an uncursed ring of wizardry {unknown}
   (You took it off a kobold on level 3 of the Dungeon)
 x - an uncursed ring of fire {unknown}
   (You found it on level 4 of the Dungeon)
Wands
 u - a wand of paralysis (15)
   (You found it on level 4 of the Dungeon)
Scrolls
 c - 6 scrolls of identify {@r1}
 h - 4 scrolls of remove curse {@r2}
 n - 3 scrolls of teleportation {@r4}
 o - a scroll of magic mapping
 q - a scroll of immolation {!r}
 A - a scroll of enchant armour
Potions
 a - 2 potions of brilliance
 i - a potion of curing {unknown}
 j - a potion of resistance
 k - 4 potions of invisibility {unknown}
 l - a potion of mutation {unknown}
 p - a potion of ambrosia
 v - a potion of flight {unknown}
 z - 3 potions of heal wounds {unknown}
 B - a potion of cancellation {unknown}
Books
 d - a book of Geomancy
Comestibles
 e - 4 rations {!d}


   Skills:
 - Level 1.7 Dodging
 - Level 1.7 Stealth
 - Level 2.0 Spellcasting
   Level 1.0 Transmutations
 + Level 9.2 Earth Magic


You had 7 spell levels left.
You knew the following spells:

 Your Spells              Type           Power        Failure   Level  Hunger
a - Sandblast             Erth           #####.       1%          1    #......
b - Stone Arrow           Conj/Erth      ###...       9%          3    ###....


Dungeon Overview and Level Annotations

Branches:
Dungeon (6/15)             Temple (0/1) D:6

Altars:
Elyvilon
Nemelex Xobeh
Xom

Shops:
D:6 =


Innate Abilities, Weirdness & Mutations

You can breathe wild blasts of lightning.
Your glossy black scales are hard. (AC +6)
You cannot fit into any form of body armour.
You are resistant to electric shocks. (rElec)
You are cold-blooded and may be slowed by cold attacks.


Message History

The killer bee buzzes angrily.
You hear an angry buzzing noise.
Aim: a killer bee The stone arrow hits the killer bee.
The killer bee buzzes angrily.
Aim: a killer bee (severely wounded)
The stone arrow misses the killer bee.
The stone arrow hits the killer bee.
The killer bee stings you.
You are poisoned.
The killer bee poisons you!
The killer bee stings you but does no damage.
You don't have enough magic to cast that spell.
Aim: a killer bee (severely wounded)
You shoot a stone.
The stone closely misses the killer bee.
You feel sick. The killer bee barely misses you.
The killer bee stings you but does no damage.
The killer bee closely misses you. The killer bee stings you.
You are more poisoned.
The killer bee poisons you!
Aim: a killer bee (almost dead)
You shoot a stone. The stone hits the killer bee.
You kill the killer bee!
You feel sick. The killer bee stings you. The killer bee barely misses you.
The killer bee closely misses you. x2
You shoot a stone. The stone misses the killer bee.
You feel sick. The killer bee stings you! The killer bee stings you.
You are more poisoned.
The killer bee poisons you! The killer bee barely misses you.
The killer bee stings you. The killer bee stings you!
* * * LOW HITPOINT WARNING * * *
The blast of sand hits the killer bee.
You kill the killer bee!
b - 77 stones You feel sick.
The killer bee misses you.
You feel sick. The killer bee misses you. The killer bee barely misses you.
The killer bee closely misses you.
You feel sick. The killer bee stings you!
* * * LOW HITPOINT WARNING * * *
You are more poisoned.
The killer bee poisons you! The killer bee closely misses you.
As you read the scroll of teleportation {@r4}, it crumbles to dust.
You feel strangely unstable.
* * * LOW HITPOINT WARNING * * *
You feel sick. The killer bee closely misses you. The killer bee misses you.
The killer bee stings you!
* * * LOW HITPOINT WARNING * * *
The killer bee barely misses you.
It was a potion of resistance.
You feel protected.
You die...

,,,*,,,,,+,* *#,,,,*,,****,,**,*
,*,*+*****,**##[,...*,,****,,,,,*
,,,,,,,,,,,,,..,....,,,>,**,*****
,!.,*********.#.#..,*,##**<,,,*
*#.##########...........,,,,*,*
##.....##....#**#.#.#.####***,*
........#.##.# #.#...#..,,**,***
##......#<##.####.#.....,,,>,,,,*
..[..!$.####..(y@.....#,,***,,*,*
#......(######(y......#,,,,*,**,*
#............(........#+##,*,,,,*
#..############..........#,******
#....####### #............#
.#.#.#.....# #..........###
.#.#.#.###.# #..........#
,#.#...# #.# ########...#
,..#######.# *...#


You could see 2 killer bees.

Vanquished Creatures
  The ghost of emiel the Cutter, a novice SpAr (D:4)
  Sigmund (D:3)
  An ogre (D:5)
  A centaur (D:5)
  4 killer bees (D:6)
  A howler monkey (D:4)
  A centaur zombie (D:4)
  A crimson imp (D:5)
  A bullfrog skeleton (D:4)
  2 orc priests
  2 hounds
  A jelly (D:5)
  An iguana (D:5)
  4 orc wizards
  3 worker ants
  2 hound skeletons
  Robin (D:2)
  A howler monkey zombie (D:5)
  7 adders
  A shadow imp (D:5)
  3 worms
  4 dart slugs
  A leopard gecko (D:3)
  25 orcs
  5 giant cockroaches
  14 goblins
  8 hobgoblins
  7 jackals
  10 kobolds
  2 quokkas
  7 bats
  6 frilled lizards
  A jackal skeleton (D:4)
  A jackal zombie (D:5)
  A leopard gecko skeleton (D:4)
  2 quokka skeletons
  7 rats
141 creatures vanquished.

Vanquished Creatures (others)
  A quokka (D:3)
1 creature vanquished.

Grand Total: 142 creatures vanquished

Notes
Turn   | Place    | Note
-------+----------+-------------------------------------------
     0 | D:1      | n0claF the Draconian Earth Elementalist began the quest for the Orb.
     0 | D:1      | Reached XP level 1. HP: 14/14 MP: 3/3
     2 | D:1      | Noticed an ogre
     2 | D:1      | Noticed a ghoul
     4 | D:1      | Noticed a draconian
     4 | D:1      | Noticed a demonspawn
     6 | D:1      | Noticed a centaur
     6 | D:1      | Noticed a minotaur
     8 | D:1      | Noticed a tengu
    10 | D:1      | Noticed a halfling
    10 | D:1      | Noticed an octopode
    12 | D:1      | Noticed a troll
    14 | D:1      | Noticed a vine stalker
    14 | D:1      | Noticed a felid
    16 | D:1      | Noticed a gargoyle
    16 | D:1      | Noticed a spriggan
    18 | D:1      | Noticed an elf
    18 | D:1      | Noticed a formicid
    20 | D:1      | Noticed a merfolk
    20 | D:1      | Noticed a human
    22 | D:1      | Noticed a naga
    22 | D:1      | Noticed a vampire
    26 | D:1      | Noticed a dwarf
    26 | D:1      | Noticed a demigod
   528 | D:1      | Reached XP level 2. HP: 20/20 MP: 3/5
   579 | D:1      | Found a shimmering altar of Xom.
  1181 | D:2      | Reached skill level 4 in Earth Magic
  1189 | D:2      | Reached XP level 3. HP: 26/26 MP: 0/6
  1328 | D:2      | Found a sparkling altar of Nemelex Xobeh.
  1613 | D:2      | Noticed Robin
  1628 | D:2      | Killed Robin
  1628 | D:2      | Reached XP level 4. HP: 33/33 MP: 1/7
  1629 | D:2      | Reached skill level 5 in Earth Magic
  2074 | D:3      | Found a white marble altar of Elyvilon.
  2313 | D:3      | Noticed Sigmund
  2668 | D:3      | Reached XP level 5. HP: 37/38 MP: 4/8
  3032 | D:3      | Reached skill level 6 in Earth Magic
  3298 | D:3      | Killed Sigmund
  3298 | D:3      | Reached skill level 7 in Earth Magic
  3298 | D:3      | Reached XP level 6. HP: 23/45 MP: 5/9
  4112 | D:4      | Learned a level 3 spell: Stone Arrow
  4138 | D:4      | Noticed emiel's ghost (novice SpAr)
  4143 | D:4      | Killed emiel's ghost
  4143 | D:4      | Reached skill level 8 in Earth Magic
  4143 | D:4      | Your scales start taking on a glossy black colour.
  4143 | D:4      | Reduced skill Earth Magic to level 6
  4143 | D:4      | Reached XP level 7. HP: 50/50 MP: 0/10
  4143 | D:4      | Gained mutation: You are resistant to electric shocks. (rElec) [Black Draconian growth]
  4369 | D:4      | Reached skill level 7 in Earth Magic
  5207 | D:5      | Entered Level 5 of the Dungeon
  5387 | D:5      | Reached skill level 8 in Earth Magic
  5566 | D:5      | Reached XP level 8. HP: 57/57 MP: 11/11
  6260 | D:6      | Found Tijuric's Jewellery Shop.
  6273 | D:6      | Reached skill level 9 in Earth Magic
  6507 | D:6      | HP: 1/57 [killer bee (8)]
  6508 | D:6      | Succumbed to a killer bee's poison

Skill      XL: |  1  2  3  4  5  6  7  8 |
---------------+-------------------------+-----
Earth Magic    | 4 5 7 6 8 9 |  9.2
Dodging        | |  1.7
Stealth        | |  1.7
Spellcasting   | |  2.0
Transmutations | |  1.0

Action                   |  1- 3 |  4- 6 |  7- 9 || total
-------------------------+-------+-------+-------++-------
Melee: Unarmed           |    32 |       |       ||    32
       Tailslap          |     4 |     2 |       ||     6
       Hunting sling     |       |     8 |       ||     8
 Fire: Hunting sling     |    15 |    93 |   131 ||   239
Throw: Stone             |     2 |       |       ||     2
 Cast: Sandblast         |    44 |    41 |    50 ||   135
       Stone Arrow       |       |     2 |    18 ||    20
 Abil: Breathe Lightning |       |       |     6 ||     6
  Use: Scroll            |       |     6 |     4 ||    10
       Potion            |       |     2 |     2 ||     4
  Eat: Chunk             |     3 |     5 |    10 ||    18
       Ration            |       |     1 |     1 ||     2
Armor: Skin              |    18 |    16 |    50 ||    84
Dodge: Dodged            |    36 |    30 |    91 ||   157
